 Dungeon Crawl Stone Soup version 0.28.0 (webtiles) character file.

Game seed: 15766522542430824211

105 Hasart the Shield-Bearer (level 4, -2/38 HPs)
             Began as a Demigod Fighter on Feb 10, 2022.
             Slain by a water moccasin skeleton (3 damage)
             ... on level 4 of the Dungeon.
             The game lasted 00:03:40 (2924 turns).

Hasart the Shield-Bearer (Demigod Fighter)          Turns: 2924, Time: 00:03:41

Health: -2/38      AC:  6    Str: 17    XL:     4   Next: 29%
Magic:  6/6        EV:  9    Int: 10    God:
Gold:   127        SH:  5    Dex: 17    Spells: 3/3 levels left

rFire   . . .      SeeInvis .   a - +0 flail
rCold   . . .      Faith    .   c - +0 buckler
rNeg    . . .      Spirit   .   b - +0 scale mail
rPois   .          Reflect  .   (no helmet)
rElec   .          Harm     .   (no cloak)
rCorr   .          Rampage  .   (no gloves)
Will    .....                   (no boots)
Stlth   ..........              (no amulet)
HPRegen 0.12/turn               (no ring)
MPRegen 0.10/turn               (no ring)

@: brilliant, flying
A: high MP 1, forlorn, divine attributes
a: no special abilities


You were on level 4 of the Dungeon.
You visited 1 branch of the dungeon, and saw 4 of its levels.

You collected 127 gold pieces.

Inventory:

Hand Weapons
 a - a +0 flail (weapon)
Missiles
 k - 16 poisoned darts (quivered)
Armour
 b - a +0 scale mail (worn)
 c - a +0 buckler (worn)
Jewellery
 f - a ring of ice
Wands
 n - a wand of mindburst (11)
Scrolls
 e - a scroll of magic mapping {unknown}
 g - 2 scrolls of identify {unknown}
 h - a scroll of brand weapon {unknown}
 i - a scroll of fear {unknown}
 m - a scroll of enchant armour {unknown}
 o - a scroll of amnesia {unknown}
Potions
 d - a potion of might


   Skills:
 + Level 3.0 Fighting
 * Level 2.8 Maces & Flails
 + Level 0.9 Throwing
 + Level 3.0 Armour
 + Level 1.1 Dodging
 + Level 3.1 Shields
 + Level 0.4 Evocations


You had 3 spell levels left.
You didn't know any spells.
Your spell library contained the following spells:

 Spells                   Type           Power      Damage    Failure   Level
 Confusing Touch          Hex            0%         N/A       99%         3
 Gell's Gravitas          Tloc           0%         N/A       99%         3
 Lesser Beckoning         Tloc           0%         N/A       99%         3
 Teleport Other           Tloc           0%         N/A       99%         3
 Animate Dead             Necr           0%         N/A       100%        4
 Yara's Violent Unravell  Hex/Tmut       0%         3d3       100%        5
 Enfeeble                 Hex            0%         N/A       100%        7
 Haunt                    Necr/Summ      0%         N/A       100%        7
 Infestation              Necr           0%         N/A       100%        8


Dungeon Overview and Level Annotations

Branches:
Dungeon (4/15)
 Temple: D:4-7

Shops:
D:4 (


Innate Abilities, Weirdness & Mutations

You have an increased reservoir of magic. (+10% MP)
You shall have no god before yourself.
Your divine heritage dramatically boosts your attributes as you level up.


Message History

The water moccasin skeleton is severely damaged.
You feel sick.
You are no longer poisoned.
The kobold hits you with a +0 short sword.
* * * LOW HITPOINT WARNING * * *
The water moccasin skeleton bites you but does no damage.
The kobold hits you but does no damage.
You hit the water moccasin skeleton.
The water moccasin skeleton is severely damaged.
The water moccasin skeleton completely misses you.
You block the kobold's attack.
The water moccasin skeleton closely misses you.
Unknown command.
You barely miss the water moccasin skeleton.
The water moccasin skeleton is severely damaged.
The water moccasin skeleton bites you.
* * * LOW HITPOINT WARNING * * *
The kobold hits you but does no damage.
The water moccasin skeleton closely misses you.
You block the kobold's attack.
You barely miss the water moccasin skeleton.
The water moccasin skeleton is severely damaged.
The water moccasin skeleton closely misses you.
The water moccasin skeleton bites you.
* * * LOW HITPOINT WARNING * * *
You barely miss the water moccasin skeleton.
The water moccasin skeleton is severely damaged.
The kobold hits you with a +0 short sword.
* * * LOW HITPOINT WARNING * * *
The water moccasin skeleton bites you.
* * * LOW HITPOINT WARNING * * *
It was a potion of flight.
You feel very buoyant.
You fly up into the air.
You block the water moccasin skeleton's attack.
The kobold hits you but does no damage.
It was a potion of brilliance.
You feel clever all of a sudden. The water moccasin skeleton bites you.
You die...

#.....###....
#.....##.... #..<.....#
...###. #........##
....... #....∩†...##
...... ###........#
..... #....>...#######
...# ##.............#
...#
#............@##...##..
#.####.......KZ†.......
#......................
################...##..
...# ..... ...(..
....... ...##..


You could see a kobold and a water moccasin skeleton.

Vanquished Creatures
  A hound skeleton (D:4)
  5 adders
  A worm (D:3)
  4 bats
  5 endoplasms
  A giant cockroach (D:1)
  4 goblins
  4 hobgoblins
  2 quokkas (D:2)
  7 ball pythons
  5 frilled lizards
  2 kobolds (D:3)
  6 rats
47 creatures vanquished.

Notes
Turn   | Place    | Note
-------+----------+-------------------------------------------
     0 | D:1      | Hasart the Demigod Fighter began the quest for the Orb.
     0 | D:1      | Reached XP level 1. HP: 18/18 MP: 3/3
   594 | D:1      | Reached XP level 2. HP: 25/25 MP: 4/4
  1286 | D:2      | Reached XP level 3. HP: 27/30 MP: 5/5
  2770 | D:4      | Found Wuzas's Antique Weapon Boutique.
  2778 | D:4      | Reached skill level 1 in Dodging
  2778 | D:4      | Reached XP level 4. HP: 25/38 MP: 6/6
  2922 | D:4      | HP: 1/38 [water moccasin skeleton (1)]
  2924 | D:4      | Slain by a water moccasin skeleton

Illustrated notes

Levels and vault maps discovered:
D:1:      dpeg_arrival_boxes_within_box, layout_basic, basic_ecumenical_altar
D:2:      layout_rooms, basic_altar
D:3:      layout_loops_cross, kennysheep_generic_room_14
D:4:      layout_gridville, nicolae_stop_n_shop_1

Skill      XL: |  1  2  3 |
---------------+----------+-----
Maces & Flails | 2 |  2.8
Armour         | 3 |  3.0
Shields        | 3 |  3.1
Fighting       | 3 |  3.0
Dodging        | 1 |  1.1
Throwing       | |  0.9
Evocations     | |  0.4

Action                   |  1- 3 |  4- 6 || total
-------------------------+-------+-------++-------
Melee: Flail             |   181 |    17 ||   198
Throw: Dart              |     3 |     3 ||     6
  Use: Potion            |       |     2 ||     2
Armor: Scale mail        |    79 |    12 ||    91
Dodge: Dodged            |    77 |    14 ||    91
Block: Buckler           |    35 |     6 ||    41
